 Dungeon Crawl Stone Soup version 0.19.4-8-ga85b6b9 (webtiles) character file.

549 esteth the Insei (level 7, -1/57 HPs)
             Began as a Naga Transmuter on Feb 14, 2017.
             Was an Initiate of Cheibriados.
             Slain by a centaur (7 damage)
             ... on level 4 of the Dungeon.
             The game lasted 00:12:32 (5620 turns).

esteth the Insei (Naga Transmuter)                  Turns: 5620, Time: 00:12:33

Health: -1/57      AC:  4    Str: 13    XL:     7   Next: 28%
Magic:  10/10      EV: 10    Int: 16    God:    Cheibriados [......]
Gold:   223        SH:  0    Dex: 13    Spells: 2 memorised, 6 levels left

rFire  . . .     SeeInvis +       - Unarmed
rCold  . . .     Gourm    .     b - +0 robe
rNeg   . . .     Faith    .     (no shield)
rPois  +         Spirit   .     (no helmet)
rElec  .         Reflect  .     (no cloak)
rCorr  .         Harm     .     e - +0 pair of gloves (curse)
MR     .....                    (no barding)
Stlth  ..........               (no amulet)
                                (no ring)
                                m - ring of loudness (curse)

@: very slow
A: see invisible, deformed body, poison resistance, slowness 2, slow metabolism
1, spit poison 1, AC +2
a: Spit Poison, Bend Time, Renounce Religion


You were on level 4 of the Dungeon.
You worshipped Cheibriados.
Cheibriados was noncommittal.
You were hungry.

You visited 2 branches of the dungeon, and saw 6 of its levels.

You collected 223 gold pieces.

Inventory:

Missiles
 a - 29 arrows
Armour
 b - a +0 robe (worn)
 e - a cursed +0 pair of gloves (worn)
Jewellery
 m - a cursed ring of loudness (left hand)
Wands
 k - a wand of confusion (48/48)
Scrolls
 h - 2 scrolls of teleportation
 p - a scroll of identify
 t - a scroll of blinking {unknown}
 u - a scroll of remove curse {unknown}
Potions
 g - a potion of heal wounds {unknown}
 i - a potion of resistance {unknown}
 l - a potion of haste {unknown}
 o - a potion of lignification {unknown}
 r - a potion of might {unknown}
Books
 c - a book of Changes

   Spells                             Type                      Level
   a - Beastly Appendage              Transmutation                1
   b - Sticks to Snakes               Transmutation                2
   c - Spider Form                    Transmutation/Poison         3
   d - Ice Form                       Ice/Transmutation            4
   e - Blade Hands                    Transmutation                5
Comestibles
 d - 3 bread rations
 f - 4 meat rations
 j - 2 beef jerkies
 n - a slice of pizza


   Skills:
 - Level 1.0 Fighting
 - Level 1.5 Dodging
 + Level 7.0 Unarmed Combat
 - Level 2.0 Spellcasting
 - Level 3.6 Transmutations
 - Level 3.1 Poison Magic


You had 6 spell levels left.
You knew the following spells:

 Your Spells              Type           Power        Failure   Level  Hunger
a - Beastly Appendage     Tmut           ##....       6%          1    #......
b - Spider Form           Tmut/Pois      ##........   17%         3    ###....


Dungeon Overview and Level Annotations

Branches:
Dungeon (5/15)             Temple (1/1) D:4

Altars:
Ashenzari
Cheibriados
Dithmenos
Elyvilon
Fedhas
Kikubaaqudgha
Okawaru
Qazlal
Ru
Sif Muna
Trog
Uskayaw
Yredelemnul
Zin
The Shining One


Innate Abilities, Weirdness & Mutations

You cannot wear boots.
Your serpentine skin is tough. (AC +2)
You have supernaturally acute eyesight. (SInv)
Armour fits poorly on your strangely shaped body.
Your system is resistant to poisons. (rPois)
You cover ground very slowly.
You have a slow metabolism.
You can spit poison.


Message History

The centaur shoots an arrow.
The arrow closely misses you.
The centaur unwields an uncursed shortbow.
The centaur hits you but does no damage.
The centaur hits you.
* * * LOW HITPOINT WARNING * * *
You completely miss the centaur. The centaur hits you.
* * * LOW HITPOINT WARNING * * *
You hit the centaur.
The centaur is moderately wounded.
The centaur closely misses you.
You hit the centaur.
The centaur is heavily wounded.
The centaur hits you!
* * * LOW HITPOINT WARNING * * *
The centaur hits you.
* * * LOW HITPOINT WARNING * * *
You hit the centaur. You punch the centaur.
The centaur is heavily wounded.
The centaur hits you!
You die...

#.##.....# #.##...(.###
#.###......### ..#
#...##..(# .. #...####.##
. ##....##..#
....###..(.###.########
.......((..(........... .
......##(@.......########.
........c##(..(........#..
.........((......#........
......####..(....>........
..........#......##.#.###.
.................##.......
..............#..........
.........................
.........#..#.####.......


You could see a centaur.

Vanquished Creatures
  The ghost of JNO the Firebug, an amateur HuFE (D:3)
  A vampire bat (D:3)
  A crimson imp (D:2)
  A worker ant (D:4)
  7 gnolls
  7 adders
  An adder zombie (D:4)
  An adder skeleton (D:4)
  3 worms
  3 fire bats (D:3)
  5 leopard geckos
  5 orcs (D:3)
  2 spectral bats (D:3)
  3 bat skeletons (D:3)
  A bat zombie (D:3)
  3 giant cockroaches
  6 goblins
  10 hobgoblins
  12 jackals
  2 quokkas
  2 ball pythons (D:3)
  18 bats
  A bat simulacrum (D:3)
  7 frilled lizards
  7 kobolds
  10 rats
120 creatures vanquished.

Notes
Turn   | Place    | Note
-------+----------+-------------------------------------------
     0 | D:1      | esteth the Naga Transmuter began the quest for the Orb.
     0 | D:1      | Reached XP level 1. HP: 18/18 MP: 3/3
   339 | D:1      | Reached XP level 2. HP: 22/25 MP: 5/5
  1125 | D:1      | Reached XP level 3. HP: 31/31 MP: 6/6
  1130 | D:1      | Learned a level 3 spell: Spider Form
  1884 | D:2      | Reached skill level 1 in Poison Magic
  2396 | D:2      | Reached XP level 4. HP: 23/38 MP: 7/7
  3396 | D:2      | Reached XP level 5. HP: 35/44 MP: 4/8
  3418 | D:2      | Reached skill level 4 in Unarmed Combat
  3845 | D:3      | Noticed JNO's ghost (amateur HuFE)
  3865 | D:3      | Killed JNO's ghost
  3865 | D:3      | Reached skill level 5 in Unarmed Combat
  3865 | D:3      | Reached XP level 6. HP: 27/51 MP: 6/9
  4335 | D:3      | Reached skill level 6 in Unarmed Combat
  4599 | D:3      | Reached XP level 7. HP: 56/57 MP: 6/10
  5071 | D:4      | Reached skill level 7 in Unarmed Combat
  5330 | D:4      | Found a staircase to the Ecumenical Temple.
  5342 | Temple   | Entered the Ecumenical Temple
  5524 | Temple   | Became a worshipper of Cheibriados the Contemplative
  5596 | D:5      | Entered Level 5 of the Dungeon
  5620 | D:4      | Slain by a centaur

Skill      XL: |  1  2  3  4  5  6  7 |
---------------+----------------------+-----
Transmutations | 3 |  3.6
Poison Magic   | 2 3 |  3.1
Unarmed Combat | 5 6 7 |  7.0
Fighting       | |  1.0
Dodging        | |  1.5
Spellcasting   | |  2.0

Action                   |  1- 3 |  4- 6 |  7- 9 || total
-------------------------+-------+-------+-------++-------
Melee: Unarmed           |   183 |   199 |   113 ||   495
       Punch             |     3 |       |     3 ||     6
 Cast: Spider Form       |       |    13 |     3 ||    16
 Abil: Spit Poison       |     6 |     4 |       ||    10
  Use: Potion            |     2 |       |     1 ||     3
       Scroll            |     2 |     4 |       ||     6
 Stab: Sleeping          |       |     1 |       ||     1
  Eat: Chunk             |     4 |     7 |     3 ||    14
Armor: Robe              |    71 |    37 |    26 ||   134
       Skin              |       |     7 |    10 ||    17
Dodge: Dodged            |   118 |   143 |   118 ||   379
